 Dungeon Crawl Stone Soup version 0.29-a0-359-g541a27f54d (webtiles) character file.

Game seed: 12707681050604013437

8 purpskrrrp the Skirmisher (level 2, 0/24 HPs)
             Began as a Demonspawn Abyssal Knight on Apr 27, 2022.
             Was a Follower of Wu Jian.
             Slain by a small abomination (17 damage)
             ... created by the touch of Lugonu
             ... on level 1 of the Dungeon.
             The game lasted 00:03:42 (347 turns).

purpskrrrp the Skirmisher (DsAK)                     Turns: 347, Time: 00:03:43

Health: 0/24       AC:  3    Str: 13    XL:     2   Next: 0%
Magic:  3/3        EV: 11    Int: 11    God:    Wu Jian [*.....]
Gold:   0          SH:  4    Dex: 13    Spells: 1/1 levels left

rFire   . . .      SeeInvis .   a - +1 spear
rCold   . . .      Faith    .   (no shield)
rNeg    . . .      Spirit   .   b - +0 leather armour
rPois   .          Reflect  .   (no helmet)
rElec   .          Harm     .   (no cloak)
rCorr   .          Rampage  .   (no gloves)
Will    .....                   (no boots)
Stlth   +.........              (no amulet)
HPRegen 0.08/turn               (no ring)
MPRegen 0.08/turn               (no ring)

@: no status effects
A: condensation shield
a: Renounce Religion


You were on level 1 of the Dungeon.
You worshipped Wu Jian.
Wu Jian was aware of your devotion.
You visited 1 branch of the dungeon, and saw 1 of its levels.
You visited the Abyss 1 time.

Inventory:

Hand Weapons
 a - a +1 spear (weapon)
Armour
 b - a +0 leather armour (worn)
Jewellery
 c - an amulet of reflection
Scrolls
 d - a scroll of teleportation {unknown}
Potions
 e - a potion of brilliance {unknown}


   Skills:
 + Level 3.3 Fighting
 + Level 2.0 Polearms
 + Level 1.8 Armour
 + Level 0.9 Dodging
 + Level 2.5 Invocations


You had one spell level left.
You didn't know any spells.
Your spell library was empty.

Dungeon Overview and Level Annotations

Branches:
Dungeon (1/15)

Altars:
Wu Jian

Shops:
D:1 *


Innate Abilities, Weirdness & Mutations

A meltable shield of frost defends you. (SH +4)


Message History

The hobgoblin hits you but does no damage.
You hit the hobgoblin.
The hobgoblin is almost dead.
The hobgoblin hits you.
You hit the hobgoblin.
You kill the hobgoblin!
The Council accepts your kill.
Your Polearms skill increases to level 2!
You lunge at the rat.
You barely miss the rat. The rat bites you but does no damage.
You hit the rat but do no damage. The rat bites you but does no damage.
You hit the rat.
You kill the rat!
The Council accepts your kill.
You have reached level 2!
Your demonic ancestry asserts itself...
Frost condenses into a shield before you.
d - a scroll labelled ZATASO VOHEGI
There are no items here.
Found an arbalest and a scroll labelled ZIEPTI HENEWN.
e - a smoky pink potion
There are no items here.
A kobold comes into view. It is wielding a +0 club.
The kobold shouts!
Lugonu sends minions to punish you.
The divine experience drains your vigour!
You feel yourself slow down.
A small abomination comes into view.
The kobold throws a stone.
The stone closely misses you.
You feel yourself speed up.
The kobold throws a stone.
The stone hits you but does no damage.
You lunge at the small abomination.
You hit the small abomination but do no damage.
The small abomination hits you!
The kobold throws a stone.
The stone hits you but does no damage.
You closely miss the small abomination.
You block the small abomination's attack.
You barely miss the small abomination. The small abomination hits you!
Ouch! That really hurt!
You die...

####....##......
#.......#......#
#.......#......#
#.......#......#
#.......#......#
#...............
#...............
#...............
#.....x@........
#...............
#..........###+#
#.......K..#
######.)..?#
#.....# #.....#
#.....# .....#


You could see a small abomination and a kobold.

Vanquished Creatures
  A dart slug (D:1)
  An endoplasm (D:1)
  A goblin (D:1)
  A hobgoblin (D:1)
  2 rats (D:1)
6 creatures vanquished.

Notes
Turn   | Place    | Note
-------+----------+-------------------------------------------
     0 | Abyss:1  | purpskrrrp the Demonspawn Abyssal Knight began the quest
                  | for the Orb.
     0 | Abyss:1  | Reached XP level 1. HP: 18/18 MP: 2/2
    59 | Abyss:1  | Noticed an ancient zyme
    62 | D:1      | Escaped the Abyss
    90 | D:1      | Found Jiwota's Assorted Antiques.
   289 | D:1      | Found a faded altar of an unknown god.
   299 | D:1      | Prayed at the altar of an unknown god.
   299 | D:1      | Fell from the grace of Lugonu
   299 | D:1      | Became a worshipper of the Wu Jian Council
   299 | D:1      | Reached * piety under Wu Jian
   329 | D:1      | Gained mutation: A meltable shield of frost defends you.
                  | (SH +4) [demonic ancestry]
   329 | D:1      | Reached XP level 2. HP: 23/24 MP: 3/3
   342 | D:1      | Noticed a small abomination
   347 | D:1      | Slain by a small abomination

Illustrated notes

Levels and vault maps discovered:
D:1:      lordsloth_arrival_two_stooges, layout_basic, serial_shops,
          nicolae_shop_crystal, nicolae_shop_hallway_plus, shop,
          chequers_ecumenical_altar_simple, minmay_pentomino_u4

Skill      XL: |  1 |
---------------+----+-----
Polearms       | 2 |  2.0
Fighting       | |  3.3
Armour         | |  1.8
Dodging        | |  0.9
Invocations    | |  2.5

Action                   || total
-------------------------++-------
Melee: Spear             ||    21
       Punch             ||     1
Invok: Lunge             ||     3
Armor: Leather armour    ||     9
Dodge: Dodged            ||     5
Block: Other             ||     1

Table legend: (Time is in decaauts)
 A = Elapsed time spent in this place.
 B = Non-inter-level travel time spent in this place.
 C = Inter-level travel time spent in this place.
 D = Time resting spent in this place.
 E = Time spent auto-exploring this place.
 F = Levels seen in this place.
 G = Mean time per level.
                   A        B        C        D        E       F      G
               +--------+--------+--------+--------+--------+-----+--------+
         Total |    347 |    324 |     23 |    158 |     92 |   2 |  173.5 |
       Dungeon |    285 |    262 |     23 |    158 |     48 |   1 |  285.0 |
         Abyss |     62 |     62 |      0 |      0 |     44 |   1 |   62.0 |
               +--------+--------+--------+--------+--------+-----+--------+

Top non-repeatable levels by time:
     D:1: 285 daAuts
 Abyss:1: 62 daAuts
